 Dungeon Crawl Stone Soup version 0.27-a0-1334-g2746e35aca (webtiles) character file.

Game seed: 12985924123180776859

6 Sobieck the Skirmisher (level 1, 0/36 HPs)
             Began as an Ogre Berserker on June 26, 2021.
             Was a Follower of Trog.
             Slain by Natasha (5 damage)
             ... on level 2 of the Dungeon.
             The game lasted 00:00:29 (99 turns).

Sobieck the Skirmisher (Ogre Berserker)               Turns: 99, Time: 00:00:30

Health: 0/36       AC:  3    Str: 20    XL:     1   Next: 90%
Magic:  1/1        EV: 10    Int:  8    God:    Trog [*.....]
Gold:   14         SH:  0    Dex:  8    Spells: 0/0 levels left

rFire    . . .     SeeInvis .   a - +0 mace {mace}
rCold    . . .     Faith    .   (no shield)
rNeg     . . .     Spirit   .   b - +0 animal skin
rPois    .         Reflect  .   (helmet restricted)
rElec    .         Harm     .   (no cloak)
rCorr    .         Rampage  .   (gloves unavailable)
Will     .....                  (boots unavailable)
Stlth    ..........             (no amulet)
HPRegen  0.12/turn              (no ring)
MPRegen  0.07/turn              (no ring)

@: berserking, very quick
A: large, unfitting armour, tough skin 1
a: Renounce Religion, Berserk


You were on level 2 of the Dungeon.
You worshipped Trog.
Trog was aware of your devotion.
You visited 1 branch of the dungeon, and saw 2 of its levels.

You collected 14 gold pieces.


Innate Abilities, Weirdness & Mutations

You are too large for most types of armour.
You have tough skin. (AC +1)


   Skills:
 + Level 4.1 Fighting
 * Level 2.9 Maces & Flails
 + Level 2.8 Dodging


You couldn't memorise any spells.
You didn't know any spells.
Your spell library was empty.

Inventory:

Hand Weapons
 a - a +0 mace (weapon) {mace}
Armour
 b - a +0 animal skin (worn)
Scrolls
 c - a scroll of identify {unknown}

Dungeon Overview and Level Annotations

Branches:
Dungeon (2/15)

Altars:

Annotations:
D:2 Natasha

♣ ####.########
#.....(.....#
#..h@....#
#..5.....#
....>.....<...#
####........###
#........#
#........#
#........#
#........#


You could see Natasha and a white imp (summoned).


Message History

🤖 Initializing magus.rc ...
Options error: Delay interrupt name "hungry" not recognised. (~/.crawlrc:4781) ✅ Successfully initialized magus.rc [v1.9.6] Welcome, Sobieck the Ogre Berserker.
Will you be the one to retrieve the fabulous Orb of Zot from the depths?
Trog says: Kill them all!
Press ? for a list of commands and other information.
Found a staircase leading out of the dungeon.
Unknown command.
You open the gate.
There is an open gate here.
You see here a +0 leather armour.
A quokka comes into view.
The quokka closely misses you. x2
You miss the quokka. The quokka misses you.
You sock the quokka!
You kill the quokka!
Trog accepts your kill.
No target in view!
c - a scroll labelled MUAQEQ XULEIRCH No target in view!
A rat comes into view.
The rat barely misses you.
You barely miss the rat. The rat barely misses you.
You thump the rat!
You kill the rat!
Trog accepts your kill.
No target in view!
You now have 14 gold pieces.
A hobgoblin comes into view.
The hobgoblin shouts!
The hobgoblin hits you. 😕 HP[-1]
You take 1 damage, and now have 23/24 hp.
You hit the hobgoblin.
The hobgoblin hits you but does no damage.
You hit the hobgoblin.
You kill the hobgoblin!
Trog accepts your kill.
No target in view!
Found a stone staircase leading down. 😎 HP[+1]
Your hp is fully restored (24).
(D) Dungeon
Where to? (? - help)
There is a stone staircase leading down here.
You climb downwards.
Natasha and a dart slug come into view.
Found 19 arrows.
Found an escape hatch in the ceiling and an escape hatch in the floor.
There is a stone staircase leading up here.
You hit the dart slug. You hit the dart slug. The dart slug bites you. 😕 HP[-2]
You take 2 damage, and now have 22/24 hp.
Okay, then.
Unknown command.
You sock the dart slug!
You kill the dart slug!
Trog accepts your kill.
Unknown command.
A red film seems to cover your vision as you go berserk!
You feel yourself moving faster!
You feel mighty! 😕 HP[+12]
You now have 36 max hp (+12).
You regained 12 hp, and now have 34/36 hp.
You barely miss Natasha.
Natasha howls an incantation.
Natasha shimmers violently.
Natasha claws you! 😮 HP[-8]
You take 8 damage, and now have 26/36 hp.
MASSIVE DAMAGE!! (PAUSE)
You sock Natasha!
Natasha casts a spell.
You closely miss Natasha. Natasha claws you!
* * * LOW HITPOINT WARNING * * *
😨 HP[-9]
You take 9 damage, and now have 17/36 hp.
MASSIVE DAMAGE!! (PAUSE)
You sock Natasha!
The white imp grins evilly.
The white imp gestures at you. The puff of frost hits you!
* * * LOW HITPOINT WARNING * * *
Natasha claws you.
You die...

Action                   || total
-------------------------++-------
Melee: Mace              ||    13
Invok: Berserk           ||     1
Armor: Animal skin       ||     1
Dodge: Dodged            ||     5

Levels and vault maps discovered:
D:1:      kennysheep_arrival_forest, layout_loops_corners,
          hellmonk_ecumenical_altar_inner_sanctum, moated_statue
D:2:      kb_forest_paths, layout_rooms, uniq_sigmund, uniq_natasha, uniq_robin

Notes
Turn   | Place    | Note
-------+----------+-------------------------------------------
     0 | D:1      | Sobieck the Ogre Berserker began the quest for the Orb.
     0 | D:1      | Reached XP level 1. HP: 24/24 MP: 1/1
     0 | D:1      | magus.rc [v1.9.6]
    91 | D:2      | Noticed Natasha
    99 | D:2      | HP: 5/36 [white imp/puff of frost[Natasha] (12)]
    99 | D:2      | Slain by Natasha

Vanquished Creatures
  A dart slug (D:2)
  A hobgoblin (D:1)
  A quokka (D:1)
  A rat (D:1)
4 creatures vanquished.

Table legend:
 A = Non-vault XP
 B = Vault XP
 C = Vault XP percentage of total XP
 D = Non-vault monster count
 E = Vault monster count
 F = Vault count percentage of total count
                 A         B        C        D         E       F
            +---------+---------+-------+---------+---------+-------
      Total |       9 |       0 |   0.0 |       4 |       0 |   0.0
            +---------+---------+-------+---------+---------+-------
        D:1 |       5 |       0 |   0.0 |       3 |       0 |   0.0
        D:2 |       4 |       0 |   0.0 |       1 |       0 |   0.0
            +---------+---------+-------+---------+---------+-------

Illustrated notes

Table legend:
 A = Kills in this place as a percentage of kills in entire the game.
 B = Kills by you in this place as a percentage of kills by you in the entire game.
 C = Kills by friends in this place as a percentage of kills by friends in the entire game.
 D = Other kills in this place as a percentage of other kills in the entire game.
 E = Experience gained in this place as a percentage of experience gained in the entire game.
 F = Experience gained in this place divided by the number of levels of this place that you have seen.
                   A       B       C       D       E      F
               +-------+-------+-------+-------+-------+----------------------
         Total | 100.0 | 100.0 |   N/A |   N/A | 100.0 |   4.5
       Dungeon | 100.0 | 100.0 |   N/A |   N/A | 100.0 |   4.5
               +-------+-------+-------+-------+-------+----------------------

Table legend: (Time is in decaauts)
 A = Elapsed time spent in this place.
 B = Non-inter-level travel time spent in this place.
 C = Inter-level travel time spent in this place.
 D = Time resting spent in this place.
 E = Time spent auto-exploring this place.
 F = Levels seen in this place.
 G = Mean time per level.
                   A        B        C        D        E       F      G
               +--------+--------+--------+--------+--------+-----+--------+
         Total |    100 |     98 |      2 |      0 |     69 |   2 |   50.0 |
       Dungeon |    100 |     98 |      2 |      0 |     69 |   2 |   50.0 |
               +--------+--------+--------+--------+--------+-----+--------+

Top non-repeatable levels by time:
     D:1: 92 daAuts
     D:2: 8 daAuts
